 Dungeon Crawl Stone Soup version 0.28.0 (webtiles) character file.

Game seed: 4180515657866020042

8890 missionaryFile the Cleaver (level 11, -2/101 HPs)
             Began as a Minotaur Fighter on Feb 11, 2022.
             Was a High Priest of Okawaru.
             Killed from afar by an electric eel (7 damage)
             ... with a bolt of electricity
             ... on level 9 of the Dungeon.
             The game lasted 00:28:48 (9556 turns).

missionaryFile the Cleaver (Minotaur Fighter)       Turns: 9556, Time: 00:28:51

Health: -2/101     AC: 19    Str: 34    XL:     11   Next: 15%
Magic:  10/10      EV: 10    Int:  9    God:    Okawaru [*****.]
Gold:   407        SH:  6    Dex: 11    Spells: 10/10 levels left

rFire   + + .      SeeInvis .   j - +2 broad axe (vamp)
rCold   . . .      Faith    .   B - +1 buckler {reflect}
rNeg    . . .      Spirit   .   g - +2 plate armour of Beogh's Benevolence {rF+ Str+4 Int+4}
rPois   .          Reflect  +   (helmet restricted)
rElec   .          Harm     .   u - +1 cloak
rCorr   .          Rampage  .   (no gloves)
Will    .....                   (no boots)
Stlth   ..........              (no amulet)
HPRegen 0.26/turn               n - +6 ring of strength
MPRegen 0.12/turn               m - ring of protection from fire

@: lethally poisoned (-2 -> -4), slowed, very slow
A: horns 2, retaliatory headbutt
a: Renounce Religion, Heroism, Finesse, Duel


You were on level 9 of the Dungeon.
You worshipped Okawaru.
Okawaru was extremely pleased with you.
You visited 2 branches of the dungeon, and saw 10 of its levels.

You collected 555 gold pieces.
You spent 148 gold pieces at shops.

Inventory:

Hand Weapons
 a - a +0 war axe
 j - a +2 vampiric broad axe (weapon)
 y - a +2 long sword of freezing
 C - the +8 war axe "Zeutank" {flame, Contam Int+7}
   (You found it on level 8 of the Dungeon)

   It burns those it strikes, dealing additional fire damage.
   Big, fiery blades are also staple armaments of hydra-hunters.
   Int:       It affects your intelligence (+7).
   Contam:    It causes magical contamination when unequipped.
 G - a +2 halberd of venom
Missiles
 k - 55 poisoned darts (quivered)
 r - 93 arrows
 A - 2 curare-tipped darts
Armour
 b - a +0 scale mail
 c - a +0 buckler
 f - a +1 helmet
 g - the +2 plate armour of Beogh's Benevolence (worn) {rF+ Str+4 Int+4}
   (You acquired it on level 5 of the Dungeon)

   Str:       It affects your strength (+4).
   Int:       It affects your intelligence (+4).
   rF:        It protects you from fire.
 u - a +1 cloak (worn)
 B - a +1 buckler of reflection (worn)
Jewellery
 m - a ring of protection from fire (right hand)
 n - a +6 ring of strength (left hand)
 D - a +6 ring of dexterity
Wands
 e - a wand of paralysis (12)
 h - a wand of iceblast (19)
 s - a wand of flame (6)
 v - a wand of acid (5)
Scrolls
 x - 2 scrolls of fog
 E - a scroll of amnesia
 F - a scroll of blinking
 H - a scroll of vulnerability {unknown}
Potions
 d - 2 potions of might
 i - 3 potions of haste
 l - a potion of ambrosia {unknown}
 o - a potion of heal wounds
 p - 4 potions of curing
 q - a potion of degeneration {unknown}
 t - a potion of flight {unknown}
 w - 2 potions of cancellation
 z - a potion of brilliance {unknown}


   Skills:
 * Level 10.9 Fighting
 * Level 11.4 Axes
 * Level 11.1 Armour
 + Level 5.9 Dodging
 - Level 1.2 Stealth
 + Level 7.9 Shields


You had 10 spell levels left.
You didn't know any spells.
Your spell library contained the following spells:

 Spells                   Type           Power      Damage    Failure   Level
 Apportation              Tloc           0%         N/A       95%         1
 Corpse Rot               Necr/Air       0%         N/A       99%         2
 Conjure Flame            Conj/Fire      0%         6-21      100%        3
 Ignite Poison            Fire/Tmut/Pois 0%         N/A       100%        3
 Mephitic Cloud           Conj/Pois/Air  0%         N/A       100%        3
 Anguish                  Hex/Necr       0%         N/A       100%        4
 Dispel Undead            Necr           0%         3d6       100%        4
 Sticky Flame             Conj/Fire      0%         2d3       100%        4
 Alistair's Intoxication  Tmut/Pois      0%         N/A       100%        5
 Freezing Cloud           Conj/Ice/Air   0%         6-21      100%        5
 Enfeeble                 Hex            0%         N/A       100%        7
 Animate Skeleton         Necr           Unusable   N/A       N/A         1
 Summon Small Mammal      Summ           Unusable   N/A       N/A         1
 Tukima's Dance           Hex            Unusable   N/A       N/A         3
 Summon Ice Beast         Ice/Summ       Unusable   N/A       N/A         4
 Summon Mana Viper        Hex/Summ       Unusable   N/A       N/A         5
 Death Channel            Necr           Unusable   N/A       N/A         6
 Monstrous Menagerie      Summ           Unusable   N/A       N/A         7

Dungeon Overview and Level Annotations

Branches:
Dungeon (9/15)             Temple (1/1) D:5
   Lair: D:8-11         Orc: D:9-12

Altars:
Ashenzari
Cheibriados
Dithmenos
Elyvilon
Fedhas
Gozag
Kikubaaqudgha
Nemelex Xobeh
Okawaru
Qazlal
Ru
Sif Muna
Trog
Uskayaw
Vehumet
Wu Jian
Xom
Yredelemnul
Zin
The Shining One

Shops:
D:5 *   D:6 ?   D:7 [


Innate Abilities, Weirdness & Mutations

You have a pair of horns on your head.
You reflexively headbutt those who attack you in melee.


Message History

You barely miss the kobold. You block the kobold's attack.
The kobold brigand throws a curare-tipped dart.
The curare-tipped dart hits you.
You are poisoned.
You have difficulty breathing.
You feel yourself slow down.
You hit the kobold.
You feel better.
The kobold is moderately wounded.
You feel very sick. The kobold barely misses you. You furiously retaliate!
You headbutt the kobold!
You kill the kobold!
You slash the hound! Your headbutt misses the hound.
The hound is heavily wounded.
You hit the kobold brigand but do no damage.
You feel very sick. The hound barely misses you.
The hound bites you but does no damage.
The kobold brigand hits you but does no damage.
The electric eel shoots out a bolt of lightning at you!
The bolt of electricity hits the hound!
The hound dies!
The bolt of electricity hits you!
* * * LOW HITPOINT WARNING * * *
The bolt of electricity hits you.
* * * LOW HITPOINT WARNING * * *
You hear a shout!
You miss the kobold brigand.
Your headbutt misses the kobold brigand.
You feel sick. You block the kobold brigand's attack.
The electric eel shoots out a bolt of lightning at you!
The bolt of electricity hits you!
* * * LOW HITPOINT WARNING * * *
The bolt of electricity hits you!
* * * LOW HITPOINT WARNING * * *
The kobold brigand barely misses you.
You hit the kobold brigand but do no damage.
You headbutt the kobold brigand, but do no damage.
You feel sick. The kobold brigand closely misses you. You furiously retaliate!
You headbutt the kobold brigand.
The electric eel shoots out a bolt of lightning at you!
The bolt of electricity hits you!
You die...

.# #.#.# .#....# ...#
#.#.#(# ...# #.....####
....... ######........#
....... #...†.....###.
...≈..≈
#.######..########...S..≈
#.# #......).))....≈≈≈
#.# ##.######@#.....≈≈
#.#######.######K#...K.≈≈
....<.........))†..# S
..#######.######)..# ..#
#.# #...# ..# #.# #...#
..#######.# #...#
..........# #...#
.##......... ....#


You could see a kobold brigand and an electric eel.

Vanquished Creatures
  2 two-headed ogres
  Pikel (D:8)
  Joseph (D:8)
  A kobold demonologist (D:7)
  Psyche (D:8)
  3 trolls (D:9)
  A wyvern (D:9)
  13 yaks
  2 water moccasins
  Duvessa (D:7)
  3 sky beasts
  3 black bears
  An ogre (D:6)
  An orc warrior (D:7)
  A necrophage (D:6)
  2 wolves (D:9)
  A phantom (D:6)
  2 lemures (D:8)
  4 kobold brigands
  A bullfrog (D:8)
  A scorpion (D:7)
  2 wyvern zombies (D:8)
  A wyvern skeleton (D:6)
  Dowan (D:7)
  12 killer bees
  5 wights (D:7)
  5 howler monkeys
  A jelly (D:7)
  An electric eel (D:6)
  3 centaur zombies (D:8)
  3 hounds
  Crazy Yiuf (D:7)
  3 orc priests
  2 iguanas
  6 orc wizards
  A scorpion zombie (D:5)
  A killer bee zombie (D:8)
  4 howler monkey zombies
  A mummy (D:8)
  3 gnolls (D:4)
  4 adders
  A shadow imp (D:6)
  3 white imps
  22 orcs
  13 ball pythons
  8 bats
  9 endoplasms
  4 giant cockroaches
  2 goblins
  6 hobgoblins
  22 kobolds
  2 quokkas
  2 frilled lizards (D:3)
  2 orc zombies (D:8)
  2 rats
204 creatures vanquished.

Vanquished Creatures (others)
  A hound (D:9)
  An orc wizard (D:4)
  2 kobolds
  4 fungi
  2 plants (D:3)
10 creatures vanquished.

Grand Total: 214 creatures vanquished

Notes
Turn   | Place    | Note
-------+----------+-------------------------------------------
     0 | D:1      | missionaryFile the Minotaur Fighter began the quest for the
                  | Orb.
     0 | D:1      | Reached XP level 1. HP: 19/19 MP: 0/0
    11 | D:1      | Found a faded altar of an unknown god.
   380 | D:1      | Reached XP level 2. HP: 27/27 MP: 1/1
  1038 | D:2      | Reached XP level 3. HP: 34/34 MP: 2/2
  1989 | D:3      | Found an iron altar of Okawaru.
  1994 | D:3      | Became a worshipper of Warmaster Okawaru
  2063 | D:3      | Reached XP level 4. HP: 33/41 MP: 3/3
  2632 | D:3      | Found a sacrificial altar of Ru.
  2774 | D:4      | Noticed a black bear
  2789 | D:4      | Reached skill level 5 in Fighting
  2795 | D:4      | Killed a black bear
  2796 | D:4      | Reached XP level 5. HP: 14/48 MP: 4/4
  3143 | D:4      | Reached skill level 5 in Axes
  3268 | D:4      | Reached XP level 6. HP: 43/56 MP: 5/5
  3617 | D:4      | Reached skill level 5 in Armour
  3782 | D:5      | Entered Level 5 of the Dungeon
  3791 | D:5      | Found a white marble altar of Elyvilon.
  3829 | D:5      | Found Ossav's Assorted Antiques.
  3871 | D:5      | Found a bloodstained altar of Trog.
  3888 | D:5      | Found a staircase to the Ecumenical Temple.
  3916 | Temple   | Entered the Ecumenical Temple
  4024 | D:5      | Reached * piety under Okawaru
  4025 | D:5      | Reached skill level 1 in Dodging
  4109 | D:5      | Found a stormy altar of Qazlal.
  4359 | D:5      | Identified a scroll of acquirement
  4359 | D:5      | Acquired the +2 plate armour of Beogh's Benevolence {rF+
                  | Str+4 Int+4}
  4443 | D:5      | Noticed a troll
  4582 | D:5      | Found a glowing silver altar of Zin.
  4629 | D:5      | Found a glowing golden altar of the Shining One.
  4939 | D:6      | Reached XP level 7. HP: 61/61 MP: 6/6
  5056 | D:6      | Reached skill level 1 in Stealth
  5142 | D:6      | Reached ** piety under Okawaru
  5692 | D:6      | Reached XP level 8. HP: 70/70 MP: 7/7
  5739 | D:6      | Found Fotuypej's Magic Scroll Shoppe.
  6083 | D:7      | Reached skill level 5 in Shields
  6095 | D:7      | Reached *** piety under Okawaru
  6290 | D:7      | Found Luwky's Armour Boutique.
  6310 | D:7      | Noticed Dowan
  6313 | D:7      | Noticed Duvessa
  6320 | D:7      | Killed Duvessa
  6327 | D:7      | Killed Dowan
  6712 | D:7      | Noticed a kobold demonologist
  6726 | D:7      | Killed a kobold demonologist
  6726 | D:7      | Reached **** piety under Okawaru
  6727 | D:7      | Reached XP level 9. HP: 49/81 MP: 8/8
  7188 | D:7      | Found a runed translucent door.
  7189 | D:7      | Noticed Crazy Yiuf
  7195 | D:7      | Killed Crazy Yiuf
  7666 | D:8      | Noticed Psyche
  7679 | D:8      | Killed Psyche
  7685 | D:8      | Noticed a two-headed ogre
  7716 | D:7      | Bought a +1 buckler of reflection for 148 gold pieces
  7969 | D:8      | Killed a two-headed ogre
  8024 | D:8      | Identified the +8 war axe "Zeutank" {flame, Contam Int+7}
  8121 | D:8      | Noticed Joseph
  8132 | D:8      | Killed Joseph
  8132 | D:8      | Reached ***** piety under Okawaru
  8146 | D:8      | Found a sand-covered staircase.
  8164 | D:8      | Reached XP level 10. HP: 87/91 MP: 9/9
  8257 | D:8      | Reached skill level 10 in Axes
  8265 | D:8      | Found a basalt altar of Yredelemnul.
  8470 | D:8      | Noticed Pikel
  8480 | D:8      | Killed Pikel
  8604 | D:8      | Found an ornate altar of the Wu Jian Council.
  8817 | D:8      | Reached skill level 10 in Armour
  8885 | D:9      | Reached skill level 5 in Dodging
  8975 | D:9      | Reached skill level 10 in Fighting
  8998 | D:9      | Received a gift from Okawaru
  9471 | D:9      | Identified the +5 whip "Zaredim" {elec, rElec rPois rF-}
  9494 | D:9      | Noticed a two-headed ogre
  9499 | D:9      | Reached XP level 11. HP: 49/101 MP: 10/10
  9505 | D:9      | Killed a two-headed ogre
  9556 | D:9      | HP: 5/101 [poisoned by a kobold brigand (curare-tipped
                  | dart)]
  9556 | D:9      | Killed from afar by an electric eel

Illustrated notes

Levels and vault maps discovered:
D:1:      dpeg_arrival_pond, layout_loops_ring,
          hellmonk_ecumenical_altar_lost_god, dk_noncrumbling_2,
          minmay_pentomino_z2
D:2:      layout_loops_ring, grunt_ministairs_4, minmay_door_square
D:3:      layout_basic, mainiacjoe_overflow_six_doors_small,
          nicolae_ru_the_path_less_chosen, st_stairs_7,
          minmay_misc_feat_nine_boxes
D:4:      layout_rooms, dk_noncrumbling_4
D:5:      black_bear_nest_2, layout_rooms, lemuel_tele_altar, kennysheep_mini,
          mainiacjoe_overflow_paths, lemuel_doored_altar,
          minmay_temple_entry_statues_pillars, serial_shops, nicolae_shop_trees,
          kennysheep_flooded_box, lightli_corner_chamber
D:6:      layout_loops_ring, serial_shops, kennysheep_mini_moat, fountainhead,
          minivault_19, grunt_decor_resistance
D:7:      layout_basic, serial_shops, nicolae_take_the_stairs,
          kennysheep_decorative_pillar, uniq_crazy_yiuf_cottage, uniq_duvessa
D:8:      layout_gridville, nicolae_yredelemnul_corpse_copse,
          mainiacjoe_overflow_alcove_1, nicolae_ossuary_entry_giza, st_stairs_3,
          uniq_psyche, uniq_joseph, uniq_pikel
D:9:      layout_loops_ring, erik_lair_island
Temple:   minmay_temple_bridge_abc

Skill      XL: |  1  2  3  4  5  6  7  8  9 10 11 |
---------------+----------------------------------+-----
Fighting       | 4 5 6 7 9 10 | 10.9
Armour         | 4 5 6 8 9 10 11 | 11.1
Shields        | 4 5 6 7 |  7.9
Axes           | 3 4 5 6 7 8 9 11 | 11.4
Dodging        | 1 3 4 5 |  5.9
Stealth        | 1 |  1.2

Action                   |  1- 3 |  4- 6 |  7- 9 | 10-12 || total
-------------------------+-------+-------+-------+-------++-------
Melee: War axe           |    17 |       |       |       ||    17
       Headbutt          |    12 |    13 |    24 |    30 ||    79
       Broad axe         |    60 |   106 |   152 |   180 ||   498
Throw: Dart              |       |       |     3 |       ||     3
  Use: Scroll            |       |     6 |    11 |     3 ||    20
       Potion            |       |       |     3 |     1 ||     4
Armor: Scale mail        |    31 |    39 |       |       ||    70
       Plate armour      |       |     3 |   104 |   133 ||   240
Dodge: Dodged            |    37 |    47 |    65 |   134 ||   283
Block: Buckler           |    20 |    27 |    32 |    80 ||   159
       Reflection        |       |       |     2 |     4 ||     6
